 Dungeon Crawl Stone Soup version 0.31.0-9-g3a7656b989 (webtiles) character file.

Game seed: 8226493647989451406

80223 Kenran the Severer (level 15, 0/101 HPs)
             Began as a Gargoyle Fighter on Jan 27, 2024.
             Was the Champion of Okawaru.
             Slain by an orc knight
             ... wielding a +0 great sword
              (9 damage)
             ... on level 14 of the Dungeon.
             The game lasted 00:41:00 (19318 turns).

Kenran the Severer (Gargoyle Fighter)              Turns: 19318, Time: 00:41:00

Health: 0/101      AC: 44    Str: 30    XL:     15   Next: 66%
Magic:  20/20      EV:  9    Int: 17    God:    Okawaru [******]
Gold:   380        SH:  5    Dex:  9    Spells: 14/14 levels left

rFire   . . .        I - +1 executioner's axe (flame)
rCold   + . .        (shield currently unavailable)
rNeg    + . .        S - +7 plate armour of Wiemoune {rC+ Regen+ Int+4}
rPois   ∞            O - +1 hat
rElec   +            f - +0 cloak
rCorr   .            W - +1 pair of gloves of the Eye-covered God {rPois Int+4}
SInv    .            x - +0 pair of boots
Will    +....        r - amulet of reflection Stlth
                     y - ring of Cynicism {AC+4 Str+3}
HPRegen 1.16/turn    X - +4 ring of slaying
MPRegen 0.17/turn

%: reflection
@: flying, studying Hexes
A: sickness immunity, AC +11, big wings, negative energy resistance 1,
electricity resistance, torment resistance 1, petrification resistance
a: Renounce Religion, Heroism, Finesse, Duel


You were on level 14 of the Dungeon.
You worshipped Okawaru.
Okawaru was exalted by your worship.
You visited 3 branches of the dungeon, and saw 20 of its levels.
You also visited: Bailey and Gauntlet.

You collected 2293 gold pieces.
You spent 1913 gold pieces at shops.

Inventory:

Hand Weapons
 a - a +0 broad axe of draining
 b - the +8 whip of the Scroll {freeze, Str+3 Stlth+}
   (You found it on level 6 of the Dungeon)

   Str+3:     It affects your strength (+3).
   Stlth+:    It makes you more stealthy.
 I - a +1 executioner's axe of flaming (weapon)
 R - a +7 executioner's axe of venom
Armour
 f - a +0 cloak (worn)
 x - a +0 pair of boots (worn)
 O - a +1 hat (worn)
 S - the +7 plate armour of Wiemoune (worn) {rC+ Regen+ Int+4}
   (Okawaru gifted it to you on level 2 of the Lair of Beasts)

   Int+4:     It affects your intelligence (+4).
   rC+:       It protects you from cold.
   Regen+:    It increases your rate of health regeneration.
 W - the +1 pair of gloves of the Eye-covered God (worn) {rPois Int+4}
   (You found it on level 4 of the Lair of Beasts)

   Int+4:     It affects your intelligence (+4).
   rPois:     It protects you from poison
Jewellery
 c - the ring "Hufu" {Ice Dex+4}
   (You found it in a Gauntlet)

   [ring of ice]

   Ice:       It enhances your ice magic.
   Dex+4:     It affects your dexterity (+4).
   rF-:       It makes you vulnerable to fire.
   rC+:       It protects you from cold.
 r - an amulet of reflection (around neck)
 y - the ring of Cynicism (left hand) {AC+4 Str+3}
   (You found it on level 5 of the Dungeon)

   [ring of protection]

   AC+4:      It affects your AC (+4).
   Str+3:     It affects your strength (+3).
 L - a +4 ring of protection
 Q - a ring of see invisible
 X - a +4 ring of slaying (right hand)
 Y - a ring of protection from fire
Wands
 m - a wand of polymorph (3)
 v - a wand of charming (12)
 A - a wand of flame (28)
 N - a wand of digging (4)
 T - a wand of roots (16)
 V - a wand of mindburst (9)
Scrolls
 h - 9 scrolls of teleportation
 l - 2 scrolls of immolation {!r}
 q - 4 scrolls of poison
 s - 6 scrolls of blinking
 w - 2 scrolls of enchant armour
 B - 2 scrolls of butterflies
 C - 6 scrolls of fog
 F - 3 scrolls of fear
 H - 2 scrolls of silence
 M - 4 scrolls of revelation
 Z - a scroll of enchant weapon
Potions
 d - a potion of heal wounds {@q2}
 e - 3 potions of lignification {unknown}
 g - 2 potions of invisibility {unknown}
 i - 7 potions of curing {@q1}
 j - 2 potions of ambrosia {unknown}
 k - 3 potions of mutation {!q}
 n - 5 potions of attraction {unknown}
 o - 3 potions of cancellation {unknown}
 p - 2 potions of berserk rage {unknown}
 t - 4 potions of degeneration {unknown}
 u - 3 potions of enlightenment {unknown}
 D - 3 potions of brilliance
 E - 2 potions of magic {unknown}
 G - 3 potions of might
 J - 3 potions of haste {unknown}
Miscellaneous
 P - a lightning rod (4/4)
 U - a phial of floods


   Skills:
 + Level 14.8 Fighting
 + Level 18.0 Axes
 - Level 12.0 Armour
 + Level 3.8 Dodging
 - Level 5.0 Shields
 - Level 7.0 Invocations
 - Level 5.0 Evocations


You had 14 spell levels left.
You didn't know any spells.
Your spell library contained the following spells:

 Spells                   Type           Power      Damage    Failure   Level
 Foxfire                  Conj/Fire      0%         2x1d4     83%         1
 Shock                    Conj/Air       0%         1d3       83%         1
 Slow                     Hex            0%         N/A       83%         1
 Sting                    Conj/Alch      0%         1d3       83%         1
 Blink                    Tloc           0%         N/A       92%         2
 Lesser Beckoning         Tloc           0%         N/A       92%         2
 Mercury Vapours          Alch/Air       0%         N/A       92%         2
 Momentum Strike          Conj/Tloc      0%         3d8       92%         2
 Scorch                   Fire           0%         2d5       92%         2
 Confusing Touch          Hex            0%         N/A       99%         3
 Hailstorm                Conj/Ice       0%         3d5       99%         3
 Sigil of Binding         Hex            0%         N/A       99%         3
 Swiftness                Air            0%         N/A       99%         3
 Vampiric Draining        Necr           0%         2d6       99%         3
 Airstrike                Air            0%         2d(0-16)  100%        4
 Flame Wave               Conj/Fire      0%         2d4       100%        4
 Manifold Assault         Tloc           0%         N/A       100%        4
 Olgreb's Toxic Radiance  Alch           0%         N/A       100%        4
 Iskenderun's Battlesphe  Conj           0%         2d6       100%        5
 Bombard                  Conj/Erth      0%         9d1       100%        6
 Dispersal                Tloc           0%         N/A       100%        6
 Plasma Beam              Fire/Air       0%         2x1d10    100%        6
 Starburst                Conj/Fire      0%         6d3       100%        6
 Orb of Destruction       Conj           0%         9d5       100%        7
 Disjunction              Tloc           0%         N/A       100%        8
 Summon Ice Beast         Ice/Summ       Unusable   N/A       N/A         3
 Summon Blazeheart Golem  Fire/Summ      Unusable   N/A       N/A         4
 Sculpt Simulacrum        Ice/Alch       Unusable   N/A       N/A         6
 Summon Cactus Giant      Summ           Unusable   N/A       N/A         6
 Spellforged Servitor     Conj/Summ      Unusable   N/A       N/A         7

Dungeon Overview and Level Annotations

Branches:
Dungeon (14/15) Temple (1/1) D:6 Lair (5/5) D:8 Shoals (0/4) Lair:3 Snake (0/4) Lair:2 Slime (0/5) Lair:5 Orc (0/2) D:11 Vaults (0/5) D:13 D:14 Bailey (visited) Gauntlet (visited)

Altars:
Ashenzari
Cheibriados
Dithmenos
Elyvilon
Fedhas
Gozag
Hepliaklqana
Kikubaaqudgha
Makhleb
Nemelex Xobeh
Okawaru
Qazlal
Ru
Sif Muna
Trog
Uskayaw
Vehumet
Wu Jian
Xom
Yredelemnul
Zin
The Shining One

Shops:
D:2 (   D:3 =   D:7 :?   D:8 *   D:9 *   D:10 :[?!

Annotations:
D:9 exclusion: oklob plant
Lair:1 2 runed translucent doors, ripuliukko's ghost, journeyman GrEE
Lair:2 1 runed translucent door, exclusion: 2 oklob plants


Innate Abilities, Weirdness & Mutations

You are immune to sickness and miasma.
Your stone body is resilient. (AC +11)
You are immune to poison.
Your large and strong wings let you fly.
You resist negative energy. (rN+)
You are resistant to electric shocks. (rElec)
You are resistant to unholy torment.
You are immune to petrification.


Message History

The orc knight hits you but does no damage.
The cyan ugly thing pecks you but does no damage.
You are too injured to fight recklessly!
You are too injured to fight recklessly!
Okay, then.
Okay, then.
Your +7 executioner's axe of venom stops dripping with poison.
Your +1 executioner's axe of flaming bursts into flame!
I - a +1 executioner's axe of flaming (weapon)
The centaur warrior barely misses you.
The centaur warrior kicks you but does no damage.
The nine-headed hydra bites you! The nine-headed hydra bites you.
The nine-headed hydra bites you but does no damage. x4
You block the nine-headed hydra's attack.
The nine-headed hydra bites you but does no damage. x2
The cyan ugly thing pecks you. The cyan ugly thing shocks you. You resist.
The orc knight hits you but does no damage.
You slice one of the nine-headed hydra's heads off!
The flame cauterises the wound!
You slice the eight-headed hydra!! You burn the eight-headed hydra!
The eight-headed hydra is almost dead.
You closely miss the cyan ugly thing. You closely miss the orc knight.
You closely miss the centaur warrior.
The centaur warrior hits you but does no damage.
The centaur warrior kicks you but does no damage.
The eight-headed hydra bites you.
You block the eight-headed hydra's attack.
The eight-headed hydra bites you but does no damage. x2
The eight-headed hydra bites you.
The eight-headed hydra bites you but does no damage. x2
The eight-headed hydra bites you!
* * * LOW HITPOINT WARNING * * *
The centaur warrior hits you but does no damage.
The centaur warrior kicks you but does no damage.
The cyan ugly thing pecks you!
* * * LOW HITPOINT WARNING * * *
The cyan ugly thing shocks you. You resist.
* * * LOW HITPOINT WARNING * * *
The orc knight hits you with a +0 great sword!
You die...

........#..#...
.....#..#......
...............
...$........$..
...............
.............^.
......Dc<......
#....u@∩......
#....o†.......
#.............
#.$........$..
...............
.....#.........
...............
......#..#>#...


You could see an eight-headed hydra (extremely poisoned), an orc knight
(extremely poisoned), a cyan ugly thing (extremely poisoned) and a centaur
warrior (very poisoned).

Vanquished Creatures
  Gastronok (Lair:1)
  A minotaur (Gauntlet)
  A fire dragon (Lair:5)
  An entropy weaver (Gauntlet)
  4 hydras
  An ogre mage (D:10)
  Erica (D:8)
  2 centaur warriors (D:13)
  12 two-headed ogres
  A boulder beetle (D:11)
  A death yak (Lair:2)
  2 tengu warriors (Gauntlet)
  2 skysharks
  A lindwurm (Lair:5)
  8 ugly things
  2 wolf spiders
  11 elephants
  A manticore (D:8)
  2 molten gargoyles (Lair:5)
  7 black mambas
  2 gargoyles
  A water nymph (Lair:1)
  11 cane toads
  5 yaktaurs (D:11)
  Jeremiah (D:8)
  18 komodo dragons
  3 tengu conjurers (Gauntlet)
  2 rime drakes
  2 merfolk (Lair:3)
  3 trolls
  5 polar bears
  13 dream sheep (Lair:5)
  15 blink frogs
  A jumping spider (Gauntlet)
  3 slime creatures (D:12)
  2 vampires
  2 shadows (D:10)
  7 basilisks
  4 wraiths
  17 humans
  9 wyverns
  Eustachio (D:6)
  4 steam dragons
  59 yaks
  16 vampire mosquitoes
  A redback (Gauntlet)
  4 hell hounds (Lair:5)
  24 water moccasins
  An acid dragon (D:12)
  Duvessa (D:7)
  6 orc warriors
  An ice beast (D:6)
  An ogre (shapeshifter) (D:13)
  5 boggarts (D:13)
  2 laughing skulls (D:13)
  19 wolves
  5 centaurs (D:13)
  3 phantoms
  6 bullfrogs
  3 scorpions
  A gnoll sergeant (D:10)
  Dowan (D:7)
  3 wights (D:9)
  33 killer bees
  6 electric eels
  8 howler monkeys
  5 lava snakes (Lair:5)
  2 jellies (D:6)
  An orc priest (D:9)
  5 hounds (D:8)
  A gnoll bouda (D:8)
  Jessica (D:2)
  Terence (D:2)
  An iguana (D:6)
  Natasha (thrice) (D:2)
  2 orc wizards
  4 hell rats (Lair:2)
  14 gnolls
  6 adders
  2 shadow imps
  2 white imps
  2 ufetubi (D:6)
  A ribbon worm (D:2)
  6 dart slugs
  19 orcs
  6 endoplasms
  5 giant cockroaches
  15 goblins
  9 hobgoblins
  7 jackals
  6 quokkas
  7 ball pythons
  7 bats
  3 frilled lizards
  20 kobolds
  28 rats
  A spectral kobold (D:9)
594 creatures vanquished.

Vanquished Creatures (others)
  A bombardier beetle (D:5)
1 creature vanquished.

Grand Total: 595 creatures vanquished

Notes
Turn   | Place    | Note
-------+----------+-------------------------------------------
     0 | D:1      | Kenran the Gargoyle Fighter began the quest for the Orb.
     0 | D:1      | Reached XP level 1. HP: 14/14 MP: 1/1
    22 | D:1      | Reached skill level 2 in Axes
    40 | D:1      | Reached XP level 2. HP: 18/19 MP: 2/2
   179 | D:1      | Reached skill level 3 in Axes
   183 | D:1      | Reached XP level 3. HP: 17/23 MP: 3/3
   242 | D:1      | You fall into a shaft and drop 1 floor!
   315 | D:2      | Noticed Natasha
   315 | D:2      | Noticed Jessica
   319 | D:2      | Killed Natasha
   320 | D:2      | Reached skill level 4 in Axes
   320 | D:2      | Reached XP level 4. HP: 25/28 MP: 4/4
   325 | D:2      | Killed Jessica
   335 | D:2      | Noticed Natasha
   365 | D:2      | HP: 1/28 [Natasha (8)]
   366 | D:2      | Killed Natasha
   367 | D:2      | Reached XP level 5. HP: 1/32 MP: 5/5
   474 | D:2      | Noticed Natasha
   795 | D:2      | Reached skill level 5 in Axes
  1062 | D:2      | Noticed Terence
  1070 | D:2      | Killed Terence
  1071 | D:2      | Reached XP level 6. HP: 37/37 MP: 6/6
  1092 | D:2      | Found Ceiraiwk's Weapon Shop.
  1128 | D:2      | Killed Natasha
  1609 | D:3      | Found Vuinn's Jewellery Shop.
  1945 | D:3      | Reached skill level 6 in Axes
  2107 | D:3      | Noticed a golden eye
  2112 | D:3      | Found a faded altar of an unknown god.
  2114 | D:3      | Noticed a shining eye
  2114 | D:3      | Noticed a great orb of eyes
  2114 | D:3      | Noticed a great orb of eyes
  2853 | D:4      | Found a snail-covered altar of Cheibriados.
  2955 | D:5      | Entered Level 5 of the Dungeon
  3022 | D:5      | Reached XP level 7. HP: 41/43 MP: 7/7
  3451 | D:5      | Identified the +1 ring mail of Boredom {rN+}
  3699 | D:5      | Identified the ring of Cynicism {AC+4 Str+3}
  3871 | D:5      | Reached skill level 5 in Fighting
  4027 | D:6      | Reached skill level 7 in Axes
  4235 | D:6      | Reached XP level 8. HP: 42/49 MP: 8/8
  4292 | D:6      | Noticed Eustachio
  4395 | D:6      | Killed Eustachio
  4396 | D:6      | Reached skill level 8 in Axes
  4453 | D:6      | Found a staircase to the Ecumenical Temple.
  4467 | Temple   | Entered the Ecumenical Temple
  4487 | Temple   | Became a worshipper of Warmaster Okawaru
  4511 | D:6      | Identified the +8 whip of the Scroll {freeze, Str+3 Stlth+}
  5115 | D:7      | Found Tocedi's Magic Scroll Emporium.
  5118 | D:7      | Bought a scroll of teleportation for 42 gold pieces
  5118 | D:7      | Bought a scroll of blinking for 105 gold pieces
  5200 | D:7      | Found a flagged portal.
  5213 | Bailey   | Entered a bailey
  5304 | Bailey   | Noticed an orc warlord
  5340 | Bailey   | Reached skill level 13 in Axes
  5340 | Bailey   | Reached XP level 9. HP: 54/54 MP: 9/9
  5384 | Bailey   | Reached skill level 1 in Invocations
  5390 | Bailey   | Found a runed translucent gate.
  5406 | Bailey   | Found a runed translucent gate.
  5410 | Bailey   | Found a runed translucent gate.
  5499 | D:7      | Reached * piety under Okawaru
  5500 | D:7      | Reached skill level 1 in Evocations
  5664 | D:7      | Noticed Duvessa
  5667 | D:7      | Noticed Dowan
  5674 | D:7      | Killed Duvessa
  5675 | D:7      | Reached skill level 14 in Axes
  5675 | D:7      | Killed Dowan
  5845 | D:7      | Found Riacle Zeodgh's Vocational Training.
  6024 | D:8      | Found a broken altar of Ashenzari.
  6136 | D:8      | Noticed a troll
  6153 | D:8      | Killed a troll
  6154 | D:8      | Reached XP level 10. HP: 39/59 MP: 11/11
  6156 | D:8      | Reached skill level 15 in Axes
  6156 | D:8      | Reached XP level 11. HP: 43/64 MP: 12/12
  6272 | D:8      | Found a staircase to the Lair.
  6461 | D:8      | Found a shimmering blue altar of Sif Muna.
  6556 | D:8      | Found a shadowy altar of Dithmenos.
  6637 | D:8      | Reached skill level 16 in Axes
  6640 | D:8      | Reached ** piety under Okawaru
  6755 | D:8      | Noticed a manticore
  6763 | D:8      | Killed a manticore
  6786 | D:8      | Noticed Erica
  6805 | D:8      | Killed Erica
  6807 | D:8      | Reached skill level 5 in Armour
  6814 | D:8      | Noticed Jeremiah
  7109 | D:8      | Killed Jeremiah
  7243 | D:8      | Found a sparkling altar of Nemelex Xobeh.
  7245 | D:8      | Found a basalt altar of Yredelemnul.
  7362 | D:8      | Found Amaskikk's Serpentskin Sales.
  7533 | D:9      | Found a glowing silver altar of Zin.
  7535 | D:9      | Found Zin's Purification Station.
  7604 | D:9      | Found a blossoming altar of Fedhas.
  7629 | D:9      | Noticed an oklob plant
  7933 | D:9      | Found a hazy altar of Hepliaklqana.
  7983 | D:9      | Reached *** piety under Okawaru
  8233 | D:10     | Entered Level 10 of the Dungeon
  8321 | D:10     | Noticed a two-headed ogre
  8336 | D:10     | Killed a two-headed ogre
  8695 | D:10     | Found Rarazxoak's Armour Emporium.
  8730 | D:10     | Found Vieng's Book Shoppe.
  8771 | D:10     | Reached **** piety under Okawaru
  8898 | D:10     | Reached XP level 12. HP: 59/73 MP: 14/14
  8961 | D:10     | Found Welam's Magic Scroll Shoppe.
  8970 | D:10     | Bought a scroll of identify for 24 gold pieces
  9110 | D:10     | Found Iromianu's Distillery.
  9127 | D:10     | Bought a potion of curing for 45 gold pieces
  9523 | D:11     | Noticed an ogre mage
  9523 | D:11     | Noticed a two-headed ogre
  9523 | D:11     | Noticed a two-headed ogre
  9523 | D:11     | Noticed a two-headed ogre
  9523 | D:11     | Noticed a two-headed ogre
  9523 | D:11     | Noticed a two-headed ogre
  9523 | D:11     | Noticed a two-headed ogre
  9532 | D:10     | Killed a two-headed ogre
  9535 | D:10     | Killed a two-headed ogre
  9537 | D:10     | Killed a two-headed ogre
  9537 | D:10     | Reached ***** piety under Okawaru
  9542 | D:10     | Killed a two-headed ogre
  9654 | D:11     | Noticed a two-headed ogre
  9654 | D:11     | Noticed a two-headed ogre
  9694 | D:10     | Killed a two-headed ogre
  9695 | D:10     | Reached skill level 10 in Fighting
  9701 | D:10     | Killed an ogre mage
  9701 | D:10     | Received a gift from Okawaru
  9704 | D:10     | Killed a two-headed ogre
  9775 | D:11     | Noticed a two-headed ogre
  9782 | D:11     | Killed a two-headed ogre
  9850 | D:11     | Killed a two-headed ogre
 10060 | D:11     | Received a gift from Okawaru
 10061 | D:11     | Noticed a boulder beetle
 10357 | D:12     | Reached XP level 13. HP: 60/84 MP: 16/16
 10698 | D:12     | Identified the +7 chain mail of the Ubiquitous God {rElec
                  | rCorr Str+2 Slay-3}
 10911 | D:11     | Reached skill level 5 in Invocations
 11191 | D:11     | Found a staircase to the Orcish Mines.
 11389 | Lair:1   | Entered Level 1 of the Lair of Beasts
 11516 | Lair:1   | Found a large runed translucent door.
 11516 | Lair:1   | Found a large runed translucent door.
 11519 | Lair:1   | Noticed ripuliukko's ghost (journeyman GrEE)
 11559 | Lair:1   | Noticed Gastronok
 11602 | Lair:1   | Killed Gastronok
 11664 | Lair:1   | Noticed Fannar
 11671 | Lair:1   | Fannar changed into Fannar the water nymph
 11671 | Lair:1   | Noticed Fannar
 11676 | Lair:1   | Killed Fannar the water nymph
 12475 | D:10     | Bought a +0 pair of gloves for 45 gold pieces
 12771 | Lair:2   | Received a gift from Okawaru
 13059 | Lair:2   | Found a runed translucent door.
 13184 | Lair:2   | Identified a scroll of acquirement
 13186 | Lair:2   | Acquired a +1 executioner's axe of flaming
 13667 | Lair:2   | Reached skill level 10 in Armour
 13894 | Lair:2   | Found a staircase to the Snake Pit.
 14109 | Lair:2   | Reached ****** piety under Okawaru
 14112 | Lair:2   | Acquired a +7 executioner's axe of venom
 14112 | Lair:2   | Received a gift from Okawaru
 14116 | Lair:2   | Acquired the +7 plate armour of Wiemoune {rC+ Regen+ Int+4}
 14116 | Lair:2   | Received a gift from Okawaru
 14222 | Lair:3   | Received a gift from Okawaru
 14307 | Lair:3   | Gained mutation: Your large and strong wings let you fly.
                  | [Gargoyle growth]
 14307 | Lair:3   | Reached XP level 14. HP: 85/94 MP: 19/19
 14425 | Lair:3   | Found a staircase to the Shoals.
 15033 | Lair:4   | Identified the +1 pair of gloves of the Eye-covered God
                  | {rPois Int+4}
 15364 | Lair:4   | Received a gift from Okawaru
 15365 | Lair:4   | Reached skill level 17 in Axes
 15758 | Lair:4   | You are sucked into a shaft and drop 1 floor!
 15758 | Lair:5   | Entered Level 5 of the Lair of Beasts
 16001 | Lair:5   | Reached skill level 5 in Shields
 16003 | Lair:5   | Received a gift from Okawaru
 16277 | Lair:5   | Found a staircase to the Slime Pits.
 16315 | Lair:5   | Reached skill level 5 in Evocations
 16506 | Lair:5   | Reached XP level 15. HP: 62/100 MP: 17/20
 16526 | Lair:5   | Received a gift from Okawaru
 16601 | Lair:5   | Found a large runed translucent door.
 16601 | Lair:5   | Found a large runed translucent door.
 16983 | Lair:5   | Reached skill level 18 in Axes
 17020 | Lair:5   | Acquired 514 gold pieces
 17034 | Lair:5   | Identified the amulet of Dissent {Spirit rElec Stlth+}
 17569 | D:3      | Bought a +4 ring of slaying for 1092 gold pieces
 17571 | D:3      | Bought a ring of protection from fire for 350 gold pieces
 17695 | D:7      | Bought a scroll of enchant weapon for 105 gold pieces
 17695 | D:7      | Bought a scroll of revelation for 105 gold pieces
 18017 | D:13     | Found a gate leading to a gauntlet.
 18020 | Gauntlet | Entered a Gauntlet
 18020 | Gauntlet | Found a transporter.
 18020 | Gauntlet | Found a transporter.
 18020 | Gauntlet | Found a transporter.
 18032 | Gauntlet | Found a transporter.
 18035 | Gauntlet | Found a transporter.
 18043 | Gauntlet | Found a transporter.
 18046 | Gauntlet | Found a transporter.
 18058 | Gauntlet | Found a transporter.
 18074 | Gauntlet | Found a transporter.
 18095 | Gauntlet | Found a transporter.
 18096 | Gauntlet | Found a transporter.
 18107 | Gauntlet | Found a transporter.
 18238 | Gauntlet | Reached skill level 1 in Dodging
 18248 | Gauntlet | Identified the ring "Hufu" {Ice Dex+4}
 18266 | Gauntlet | Received a gift from Okawaru
 18310 | Gauntlet | Identified the ring "Cihuyfief" {Wiz rElec Int+2}
 18336 | Gauntlet | Identified the ring of Taghio Gomou {MP+9 AC+4}
 18352 | Gauntlet | Identified the +1 robe of the Silversmith {+Inv rElec rPois
                  | rF-}
 18867 | D:13     | Identified the +1 robe "Cussav" {Dex+2}
 19264 | D:14     | Found a gate to the Vaults.
 19307 | D:13     | Received a gift from Okawaru
 19318 | D:14     | Slain by an orc knight

Illustrated notes

Levels and vault maps discovered:
D:1:      minmay_arrival_hallway, layout_rooms
D:2:      layout_basic, serial_shops, nicolae_shop_peninsula,
          minmay_tromino_mix6, uniq_terence, uniq_jessica, uniq_natasha
D:3:      layout_loops_ring, serial_shops, shop,
          hellmonk_ecumenical_altar_watching_god, minmay_rat_hole
D:4:      layout_basic, cheibriados_altar_1
D:5:      nicolae_BIG_FREAKIN_CUBE, layout_loops_corners,
          minmay_misc_feat_more_columns
D:6:      layout_basic, minmay_temple_entry_drinking_statues, uniq_eustachio
D:7:      layout_cave_pools, enter_bailey_5, nicolae_stop_n_shop_1,
          nicolae_shop_vocational, uniq_duvessa
D:8:      layout_gridville, amcnicky_altar_gilded, nemelex_diamond_rough_becter,
          overflow_temple_1_default, mainiacjoe_overflow_large_starburst,
          erik_lair_island, guppyfry_shop_venom, uniq_erica, uniq_jeremiah
D:9:      nicolae_cairo_tiling_very_big, layout_gridville, tgw_fedhas,
          nicolae_hepliaklqana_monster_ancestors, zin_purify, fungi_pond_lemuel
D:10:     layout_loops_corners, serial_shops, nicolae_shop_window_shopping,
          nicolae_take_the_stairs, shop_coins, nicolae_lakefront_shop
D:11:     layout_rooms
D:12:     layout_roguey
D:13:     layout_cave_pools, serial_co_window_serial, co_window_paths_a,
          co_window_paths_b, co_window_paths_a, co_window_paths_a,
          co_window_paths_b, co_window_unsneaky_path_c, co_window_corner_b,
          co_window_corner_ca, co_window_corner_b, co_window_2corner,
          co_window_cross_4, co_window_broadway_a, glass_columns_b,
          glass_columns_a, glass_columns_a, gauntlet_entry_generic
D:14:     layout_cave_pools, david_vaults_3, hangedman_decor_opposing,
          special_room [special_room_orc]
Temple:   nicolae_temple_god_jail
Lair:1:   layout_gridlike, ebering_ghost_disaster_area, minmay_holes,
          serial_bayou_shore_b, uniq_gastronok, uniq_fannar
Lair:2:   regret_index_harrowing_hell_hive, layout_hall_layers,
          minmay_snake_entry_six_corridors, pdpol_lair_cabin_in_the_woods,
          grunt_megastairs_4
Lair:3:   layout_roguey, elwin_shoals_entry_rooms, minivault_11,
          cheibrodos_lair_lostbears, infiniplex_staircase_pool_2
Lair:4:   layout_loops_ring, beast_lair_carwin_7, grunt_megastairs_2
Lair:5:   cheibrodos_lair_end_hotspot, layout_gridlike, slime_entry_1,
          nicolae_quartered_pool_medium, fungi_pond_lemuel, lemuel_fruit_tree

Skill      XL: |  1  2  3  4  5  6  7  8  9 10 11 12 13 14 15 |
---------------+----------------------------------------------+-----
Axes           | 2 3 4 5 6 7 13 14 15 16 17 18 | 18.0
Fighting       | 4 5 8 11 13 14 | 14.8
Invocations    | 2 3 4 6 7 |  7.0
Evocations     | 1 3 5 |  5.0
Armour         | 4 7 8 10 11 12 | 12.0
Shields        | 5 |  5.0
Dodging        | 3 |  3.8

Action                     |  1- 3 |  4- 6 |  7- 9 | 10-12 | 13-15 || total
---------------------------+-------+-------+-------+-------+-------++-------
  Melee: War axe           |    72 |   267 |   215 |       |       ||   554
         Broad axe         |       |       |    56 |   471 |  1065 ||  1592
         Whip              |       |       |       |       |    27 ||    27
         Executioner's axe |       |       |       |       |    86 ||    86
 Invoke: Heroism           |       |       |       |     4 |     7 ||    11
         Receive Weapon    |       |       |       |       |     1 ||     1
         Receive Armour    |       |       |       |       |     1 ||     1
  Evoke: Wand              |       |       |       |     3 |     7 ||    10
    Use: Potion            |       |     2 |     1 |     5 |       ||     8
         Scroll            |       |     4 |       |     2 |    10 ||    16
 Armour: Scale mail        |    57 |   182 |   137 |       |       ||   376
         Plate armour      |       |       |   113 |   348 |  1082 ||  1543
  Dodge: Dodged            |    50 |   125 |   114 |   120 |   394 ||   803
  Block: Buckler           |    21 |    88 |   145 |   194 |   465 ||   913
         Reflection        |       |       |     8 |     8 |     6 ||    22
         Other             |       |       |       |       |    29 ||    29
